Map: Ice and Chrome LE

Players

Scarlett

  • Race: Zerg Zerg
  • Spawn Location: 7:00

Neeb - Winner!

  • Race: Protoss Protoss
  • League: Master
  • Spawn Location: 1:00

Event: DreamHack SC2 Masters 2020 Fall

VOD

Have the link to the VOD?

Description

Time

  • Played on: Sept. 13, 2020, 5:34 p.m.
  • Length: 7:23

All games in this series

Show
View Real Time Build Order
Export as new Build Order

Scarlett Zerg 

Build Orders: Hatch First 

Get SALT Encoding   

  12  0:00  Drone  
  13  0:12  Overlord  
  13  0:16  Drone  
  14  0:30  Drone x2  
  16  0:38  Drone  
  17  0:53  Hatchery  
  17  0:54  Drone  
  17  0:57  Drone  
  18  1:08  Extractor  
  18  1:11  Spawning Pool  
  16  1:15  Drone  
  16  1:17  Drone  
  18  1:28  Drone  
  19  1:38  Drone  
  20  1:49  Overlord  
  20  1:58  Queen  
  22  2:04  Queen  
  22  2:06  Zergling x4  
  26  2:11  Metabolic Boost  
  26  2:13  Drone  
  27  2:16  Drone  
  27  2:21  Drone  
  29  2:27  Drone  
  30  2:34  Hatchery  
  29  2:38  Drone  
  30  2:46  Drone  
  30  2:47  Overlord  
  31  2:52  Drone  
  32  3:00  Queen  
  32  3:01  Drone x2  
  36  3:09  Drone x2  
  36  3:10  Queen  
  40  3:15  Drone x3  
  43  3:21  Overlord  
  43  3:23  Drone  
  44  3:37  Overlord, Spore Crawler  
  44  3:38  Drone  
  44  3:41  Drone x4  
  44  3:42  Queen  
  50  3:49  Zergling x2  
  50  3:52  Spore Crawler  
  50  3:59  Drone x4  
  53  4:05  Overlord  
  53  4:09  Drone x5  
  57  4:13  Evolution Chamber  
  57  4:14  Drone  
  57  4:19  Drone  
  57  4:21  Overlord  
  57  4:22  Spore Crawler  
  57  4:28  Drone  
  56  4:32  Drone x5, Lair  
  56  4:34  Drone  
  56  4:36  Extractor  
  56  4:37  Extractor  
  60  4:39  Drone x3  
  60  4:42  Zerg Missile Weapons Level 1  
  63  4:48  Drone x2, Overlord  
  65  4:55  Overlord x2  
  65  4:56  Drone, Extractor  
  65  5:01  Overlord  
  65  5:05  Queen, Baneling Nest  
  65  5:06  Drone x2  
  65  5:07  Drone  
  69  5:14  Zergling x4  
  71  5:15  Drone x5  
  71  5:20  Zergling x2  
  77  5:24  Zergling x2  
  79  5:28  Drone  
  79  5:30  Drone x4  
  79  5:33  Hydralisk Den, Overseer  
  79  5:34  Extractor  
  81  5:36  Drone x6  
  87  5:46  Zergling x6  
  90  5:50  Hatchery  
  90  5:56  Drone x3  
  92  5:58  Extractor  
  92  6:02  Hydralisk x3, Muscular Augments  
  96  6:12  Overlord x3  
  96  6:18  Infestation Pit, Overlord x4  
  96  6:23  Hydralisk  
  96  6:24  Zergling x2  
  98  6:30  Hydralisk x4  
  106  6:33  Hydralisk  
  106  6:35  Hydralisk  
  106  6:38  Hydralisk x2  
  114  6:41  Baneling x3  
  114  6:42  Baneling  
  114  6:45  Hydralisk  
  114  6:46  Zergling x4  
  116  6:57  Hydralisk x4  
  116  6:58  Zergling x10  
  115  7:04  Zergling x6  
Show
View Real Time Build Order
Export as new Build Order

Neeb Protoss - Winner!

Build Orders: 1 Gate Expand, Oracle Opening 

Get SALT Encoding   

  12  0:00  Probe  
  13  0:12  Probe  
  14  0:20  Pylon  
  14  0:24  Probe  
  15  0:38  Probe (Chrono Boost)  
  15  0:40  Gateway  
  16  0:47  Probe (Chrono Boost)  
  17  0:52  Assimilator, Probe (Chrono Boost)  
  18  1:04  Probe  
  19  1:16  Probe  
  20  1:27  Nexus  
  20  1:37  Cybernetics Core  
  20  1:40  Probe  
  20  1:44  Assimilator  
  21  1:52  Probe  
  22  1:55  Pylon  
  22  2:04  Probe (Chrono Boost)  
  23  2:11  Adept (Chrono Boost)  
  23  2:14  Probe (Chrono Boost)  
  26  2:19  Probe (Chrono Boost)  
  26  2:21  Stargate  
  27  2:32  Probe (Chrono Boost)  
  27  2:34  Adept  
  30  2:37  Warp Gate  
  30  2:41  Probe (Chrono Boost)  
  32  2:49  Probe (Chrono Boost)  
  32  2:50  Probe (Chrono Boost)  
  33  2:54  Gateway  
  33  2:55  Probe  
  34  2:59  Probe  
  34  3:04  Oracle (Chrono Boost)  
  35  3:07  Probe  
  35  3:11  Probe  
  40  3:14  Pylon  
  40  3:19  Probe  
  41  3:23  Probe  
  41  3:27  Assimilator, Void Ray (Chrono Boost)  
  42  3:29  Assimilator  
  42  3:31  Probe  
  43  3:36  Probe  
  48  3:42  Pylon  
  48  3:43  Probe  
  49  3:48  Probe  
  49  3:52  Robotics Facility  
  50  3:55  Probe  
  50  4:00  Probe  
  52  4:08  Probe  
  53  4:13  Probe  
  54  4:20  Probe  
  55  4:25  Probe  
  55  4:30  Adept x2  
  60  4:32  Pylon  
  60  4:33  Pylon  
  60  4:40  Nexus  
  60  4:41  Pylon  
  60  4:47  Immortal (Chrono Boost)  
  60  4:52  Gateway  
  64  4:54  Sentry  
  64  4:55  Sentry  
  68  5:00  Probe x2  
  68  5:06  Gateway  
  70  5:08  Gateway  
  70  5:12  Probe  
  70  5:13  Probe  
  72  5:18  Immortal (Chrono Boost)  
  76  5:25  Probe  
  76  5:27  Sentry x2  
  81  5:29  Gateway  
  81  5:31  Gateway  
  77  5:37  Gateway  
  77  5:46  Warp Prism (Chrono Boost)  
  77  5:48  Sentry  
  77  5:49  Shield Battery  
  79  5:50  Probe  
  79  5:53  Sentry x2  
  79  5:55  Probe  
  79  5:56  Probe  
  88  6:08  Stalker x2  
  92  6:12  Pylon  
  92  6:13  Pylon  
  92  6:19  Stalker x3  
  98  6:30  Observer  
  98  6:32  Pylon  
  99  6:40  Stalker x5  
  99  6:43  Stalker  
  109  6:54  Stalker x3  
  115  7:05  Stalker x5  
  115  7:08  Probe x2  

Tags
 
Add a new tag
Caveats
  • Supply blocks, unpowered buildings, or Contaminate may cause inaccurate times.
  • Supply counts are checked every 10 seconds.